 Dungeon Crawl Stone Soup version 0.24.1 (console) character file.

Game seed: 14192306875820020447, levelgen mode: deterministic

403 OTRawrior the Conjurer (level 6, -2/32 HPs)
             Began as a Deep Elf Conjurer on Mar 27, 2020.
             Slain by a wight
             ... wielding a +2 long sword of freezing
              (12 damage)
             ... on level 4 of the Dungeon.
             The game lasted 00:11:32 (3411 turns).

OTRawrior the Conjurer (Deep Elf Conjurer)          Turns: 3411, Time: 00:11:33

Health: -2/32      AC:  3    Str:  7    XL:     6   Next: 55%
Magic:  2/16       EV: 13    Int: 20    God:
Gold:   143        SH:  0    Dex: 15    Spells: 6/16 levels left

rFire    . . .     SeeInvis .   q - +0 short sword (speed)
rCold    . . .     Gourm    .   (no shield)
rNeg     . . .     Faith    .   a - +0 robe
rPois    .         Spirit   .   (no helmet)
rElec    .         Reflect  .   (no cloak)
rCorr    .         Harm     .   (no gloves)
MR       .....                  (no boots)
Stlth    ++........             (no amulet)
HPRegen  0.10/turn              b - +1 ring of protection
MPRegen  0.15/turn              m - ring of wizardry

@: lethally poisoned (-2 -> -12), very slightly contaminated, lightly drained
A: no striking features
a: no special abilities


You were on level 4 of the Dungeon.
You were not hungry.

You visited 1 branch of the dungeon, and saw 5 of its levels.

You collected 143 gold pieces.

Inventory:

Hand Weapons
 g - a +1 dagger
 q - a +0 short sword of speed (weapon)
Armour
 a - a +0 robe (worn)
 r - a +1 pair of gloves
Jewellery
 b - a +1 ring of protection (left hand)
 j - a +3 ring of slaying
 m - a ring of wizardry (right hand)
Wands
 p - a wand of enslavement (8)
Scrolls
 f - a scroll of magic mapping
 h - 2 scrolls of enchant weapon
Potions
 e - a potion of heal wounds
 i - 2 potions of degeneration {unknown}
 l - a potion of curing {unknown}
 n - a potion of cancellation {unknown}
Comestibles
 c - 4 rations
 s - 2 chunks of flesh


   Skills:
 - Level 2.4(2.1) Dodging
 - Level 2.4(2.1) Stealth
 + Level 5.8(5.6) Spellcasting
 * Level 7.6(7.3) Conjurations


You had 6 spell levels left.
You knew the following spells:

 Your Spells              Type           Power        Failure   Level  Hunger
a - Magic Dart            Conj           ####         1%          1    None
b - Searing Ray           Conj           ####..       1%          2    None
c - Dazzling Spray        Conj/Hex       ###...       3%          3    ##.....
d - Iskenderun's Mystic   Conj           ####....     2%          4    ####...

Your spell library contained the following spells:

 Spells                   Type           Power        Failure   Level  Hunger
 Animate Skeleton         Necr           N/A          4%          1    None
 Apportation              Tloc           #.....       4%          1    None
 Confusing Touch          Hex            #.....       4%          1    None
 Summon Small Mammal      Summ           #...         4%          1    None
 Force Lance              Conj/Tloc      ###.....     10%         4    ####...
 Fulminant Prism          Conj/Hex       ###.......   10%         4    ####...


Dungeon Overview and Level Annotations

Branches:
Dungeon (5/15)
 Temple: D:4-7

Altars:
Ashenzari
Gozag


Message History

The worker ant poisons you! The wight barely misses you.
Casting: Iskenderun's Mystic Blast (safe; 2% risk of failure)
Confirm with . or Enter, or press ? or * to list all spells.
You don't have enough magic to cast that spell.
Okay, then.
It was a potion of heal wounds.
You feel much better.
You feel sick. The worker ant bites you.
You are more poisoned.
The worker ant poisons you! The worker ant closely misses you.
Casting: Iskenderun's Mystic Blast (safe; 2% risk of failure)
Confirm with . or Enter, or press ? or * to list all spells.
Aiming: Searing Ray (safe; 1% risk of failure)
Press: ? - help, Shift-Dir - straight line, f - worker ant, p - wight
Aim: a worker ant You miscast Searing Ray.
Nothing appears to happen.
You feel sick. The wight closely misses you. The worker ant bites you.
You feel sick. The wight barely misses you. The worker ant misses you.
You feel sick. The worker ant bites you.
The wight hits you with a +2 long sword of freezing!
You die...

****.##* ##z# ##.#
,,,,,* #.### #<.#
**##### *####..#*#.##
* #...###
###...##.#*..#
#.>.?.###...>.##z#..##
#.............##.#.#*
###....⌠....####...#
###...o.######.###
##...##ora@z.#
##.....####.# #######
###


You could see a worker ant, a wight, an orc and a quokka.

Vanquished Creatures
  An ogre (D:4)
  2 wights (D:4)
  An orc wizard (D:4)
  A worker ant (D:4)
  A hound zombie (D:4)
  3 gnolls (D:3)
  5 adders
  An ooze (D:1)
  An adder skeleton (D:4)
  3 worms
  2 dart slugs
  3 leopard geckos
  6 orcs
  3 giant cockroaches (D:3)
  8 goblins
  9 hobgoblins
  9 jackals
  4 kobolds
  2 quokkas
  4 bats
  3 frilled lizards
  A quokka skeleton (D:4)
  8 rats
81 creatures vanquished.

Notes
Turn   | Place    | Note
-------+----------+-------------------------------------------
     0 | D:1      | OTRawrior the Deep Elf Conjurer began the quest for the
                  | Orb.
     0 | D:1      | Reached XP level 1. HP: 10/10 MP: 6/6
   129 | D:1      | Reached XP level 2. HP: 15/15 MP: 5/8
   176 | D:1      | Learned a level 2 spell: Searing Ray
   561 | D:1      | Reached skill level 5 in Conjurations
   889 | D:1      | Reached XP level 3. HP: 19/19 MP: 6/10
   894 | D:1      | Learned a level 3 spell: Dazzling Spray
  1029 | D:2      | You fall into a shaft and drop 2 floors!
  1620 | D:2      | Reached XP level 4. HP: 14/24 MP: 6/12
  1626 | D:2      | Learned a level 4 spell: Iskenderun's Mystic Blast
  1855 | D:2      | Found a shattered altar of Ashenzari.
  2551 | D:3      | Reached skill level 6 in Conjurations
  2813 | D:3      | Reached XP level 5. HP: 22/28 MP: 0/14
  3104 | D:4      | Reached skill level 5 in Spellcasting
  3288 | D:4      | Noticed an ogre
  3290 | D:4      | Killed an ogre
  3290 | D:4      | Reached skill level 7 in Conjurations
  3290 | D:4      | Reached XP level 6. HP: 32/32 MP: 6/16
  3383 | D:5      | Entered Level 5 of the Dungeon
  3383 | D:5      | Found an opulent altar of Gozag.
  3411 | D:4      | Slain by a wight

Levels and vault maps discovered:
D:1:      shiori_arrival_oz, layout_basic
D:2:      layout_basic, ashenzari_altar_1
D:3:      layout_basic
D:4:      layout_rooms, old_standard_altar, grunt_ministairs_12
D:5:      layout_basic, marbit_many_paths, first_ration, basic_altar,
          kennysheep_doodads, sigmund_edmund_badplayer

Skill      XL: |  1  2  3  4  5 |
---------------+----------------+-----
Conjurations   | 5 6 7 |  7.6
Spellcasting   | 4 5 |  5.8
Dodging        | |  2.4
Stealth        | |  2.4

Action                   |  1- 3 |  4- 6 || total
-------------------------+-------+-------++-------
Melee: Dagger            |    20 |     5 ||    25
       Short sword       |       |     4 ||     4
 Cast: Magic Dart        |    66 |    59 ||   125
       Searing Ray       |     3 |     9 ||    12
       Iskenderun's Myst |       |     9 ||     9
  Use: Scroll            |     3 |     3 ||     6
       Potion            |       |     1 ||     1
 Stab: Sleeping          |     1 |     3 ||     4
  Eat: Chunk             |     2 |     7 ||     9
Armor: Robe              |     3 |     3 ||     6
Dodge: Dodged            |    20 |    44 ||    64
